 Zot Defence DCSS version 0.15.2 (webtiles) character file.

220050 stupendous the Executioner (level 20, -4/151 HPs)
             Began as a Formicid Fighter on Apr 11, 2019.
             Killed by the air
             ... invoked by a wind drake
             ... summoned by a green draconian caller
             ... summoned by a shadow demon
             ... summoned by a lich
              (19 damage)
             ... in the Realm of Zot (Scenario I: Hall of Zot).
             The game lasted 00:49:28 (6836 turns).

stupendous the Executioner (Formicid Fighter)       Turns: 6836, Time: 00:49:28

HP  -4/151       AC 14     Str 24      XL: 20   Next: 34%
MP  23/23        EV  7     Int 10      God:
Gold 0           SH 13     Dex 14      Spells:  0 memorised, 19 levels left

rFire  . . .     SeeInvis +     g - +2 broad axe (holy)
rCold  . . .     Clarity  .     n - +0 plate armour (curse)
rNeg   . . .     rCorr    .     c - +0 shield (curse)
rPois  .         rRot     .     (helmet unavailable)
rElec  .         Spirit   .     (no cloak)
SustAb .         Warding  .     (no gloves)
rMut   .         Stasis   +     (no boots)
Gourm  .                        (no amulet)
MR     ++...                    (no ring)
                                (no ring)

@: very resistant to hostile enchantments, extremely unstealthy
A: permanent stasis, dig shafts and tunnels, four strong arms, antennae 3
a: Make oklob sapling, Make arrow trap, Make plant, Remove Curse, Make burning
bush, Make altar, Make grenades, Make oklob plant, Make net trap, Make ice
statue, Make spear trap, Make alarm trap, Make mushroom circle, Make bolt trap,
Make crystal statue, Make needle trap, Zot-teleport, Make water, Make lightning
spire, Make silver statue, Dig


You were in the Realm of Zot.
You were not hungry.

You visited 1 branch

Inventory:

Hand weapons
 a - a cursed +0 war axe
 g - a +2 broad axe of holy wrath (weapon)
 j - a +0 battleaxe
 l - a cursed +2 hand axe
 m - a +1 hand axe of chopping
 o - a +2 battleaxe of freezing
Missiles
 h - 6 curare-tipped needles
 k - a bolt
Armour
 b - a cursed +0 scale mail
 c - a cursed +0 shield (worn)
 n - a cursed +0 plate armour (worn)
Comestibles
 f - a bread ration
Potions
 d - a potion of curing
 e - a potion of might
 i - 2 potions of magic


   Skills:
 + Level 11.5 Fighting
 - Level 25.8 Axes
 + Level 10.6 Armour
 + Level 8.0 Dodging
 + Level 12.9 Shields


You had 19 spell levels left.
You didn't know any spells.

Dungeon Overview and Level Annotations

Branches:
    Zot (1/1)

Altars:


Innate Abilities, Weirdness & Mutations

Your are under a permanent stasis effect.
You can dig through walls and to a lower floor.
Your four strong arms can wield two-handed weapons with a shield.
You have a pair of large antennae on your head (SInv).


Message History

The Shadow Fiend resists.
The bolt of electricity hits the lich.
Something hits the Ice Fiend but does no damage.
Your ice statue glitters chillingly in the dim dungeon light.
The wind drake is engulfed in freezing vapours.
The lich closely misses your ice beast.
The shard of ice hits the Ice Fiend.
The Ice Fiend partially resists.
The komodo dragon is engulfed in freezing vapours.
The komodo dragon seems to slow down.
Something hits the Ice Fiend but does no damage.
The freezing blast hits the Ice Fiend.
The Ice Fiend completely resists.
The freezing blast hits the lich.
The lich resists.
Your burning bush throws fire at the pale draconian.
The puff of flame hits the yellow draconian knight.
The yellow draconian knight appears unharmed.
The heat melts the yellow draconian knight's icy armour.
You hear a sizzling sound!
The wind drake is engulfed in freezing vapours.
The wind drake flaps its wings at something.
The air twists around and strikes you!
You die...

▓▓▓##############▓▓▓ ###
##..............## #..
##................## ##.
##.............YYYYY## #.
#.............Y888888# ##
#..........Y..8...§§§# #
#..........§.8.)YY§.§# ##
#...........8§§.Y1§§§# #{
#........@§.8§§§YL§YY# ##{
#........§(...§§Yd2§W###.G
##..........^)§8q§§L###{{s
##.........P(()kq§##{{{p#
##......§.P))lkk)Z{{C###
▓▓.....##############
▓▓...............####
▓▓...................###
▓▓...........Y..........##


You could see a yellow draconian knight, an Ice Fiend, a pale draconian, a lich,
a wind drake, a komodo dragon, a fire drake, 6 friendly ice statues, a friendly
oklob plant, a friendly burning bush, 7 friendly ice beasts and a friendly
lightning spire.

Vanquished Creatures
  A large abomination (Zot)
  2 rakshasas (Zot)
  5 very ugly things (Zot)
  An eidolon (Zot)
  An ettin (Zot)
  A very ugly thing skeleton (Zot)
  Harold (Zot)
  A siren (shapeshifter) (Zot)
  4 hill giants (Zot)
  A salamander (Zot)
  A spectral centaur (Zot)
  A spectral hydra (Zot)
  A mermaid (Zot)
  A deep elf conjurer (Zot)
  2 necromancers (Zot)
  2 fauns (Zot)
  15 ugly things (Zot)
  An ugly thing skeleton (Zot)
  Joseph (Zot)
  A gargoyle (Zot)
  A spectral redback (Zot)
  2 two-headed ogres (Zot)
  4 deep elf priests (Zot)
  2 freezing wraiths (Zot)
  2 merfolk (Zot)
  3 polar bears (Zot)
  A basilisk (Zot)
  A harpy skeleton (Zot)
  6 wraiths (Zot)
  2 spectral red wasps (Zot)
  24 slime creatures (Zot)
  A water elemental (Zot)
  2 deep elf magi (Zot)
  9 vampires (Zot)
  A small abomination (Zot)
  8 vampire mosquitoes (Zot)
  7 nagas (Zot)
  2 deep elf fighters (Zot)
  A water moccasin (Zot)
  Edmund (Zot)
  5 black bears (Zot)
  A merfolk zombie (Zot)
  3 orc warriors (Zot)
  A deep dwarf (shapeshifter) (Zot)
  4 ogres (Zot)
  A spectral shapeshifter (Zot)
  8 boggarts (Zot)
  2 giant frogs (Zot)
  2 phantoms (Zot)
  A gnoll sergeant (Zot)
  A scorpion (Zot)
  A spriggan zombie (Zot)
  3 polar bear skeletons (Zot)
  9 wights (Zot)
  An orc priest (Zot)
  An elf skeleton (Zot)
  3 goliath beetles (Zot)
  4 hounds (Zot)
  4 crimson imps (Zot)
  A giant frog zombie (Zot)
  A two-headed ogre zombie (Zot)
  2 elf zombies (Zot)
  2 orc wizards (Zot)
  2 iguanas (Zot)
  2 black bear skeletons (Zot)
  3 worker ants (Zot)
  3 sheep (Zot)
  Jessica (Zot)
  2 naga skeletons (Zot)
  An ogre skeleton (Zot)
  2 hound zombies (Zot)
  7 gnolls (Zot)
  A worker ant zombie (Zot)
  13 adders (Zot)
  2 shadow imps (Zot)
  2 giant mites (Zot)
  A goliath beetle zombie (Zot)
  A worm (Zot)
  5 adder zombies (Zot)
  An iguana zombie (Zot)
  A sheep zombie (Zot)
  A giant gecko (Zot)
  7 oozes (Zot)
  15 orcs (Zot)
  3 bat skeletons (Zot)
  3 bat zombies (Zot)
  3 giant cockroaches (Zot)
  A giant mite zombie (Zot)
  2 gnoll zombies (Zot)
  5 hobgoblins (Zot)
  6 jackals (Zot)
  4 quokkas (Zot)
  4 ball pythons (Zot)
  A ball python skeleton (Zot)
  15 bats (Zot)
  A giant cockroach zombie (Zot)
  A gnoll skeleton (Zot)
  10 goblins (Zot)
  4 goblin skeletons (Zot)
  A hobgoblin skeleton (Zot)
  A jackal zombie (Zot)
  12 kobolds (Zot)
  A kobold skeleton (Zot)
  2 kobold zombies (Zot)
  4 orc zombies (Zot)
  2 quokka zombies (Zot)
  11 rats (Zot)
  3 rat skeletons (Zot)
358 creatures vanquished.

Vanquished Creatures (collateral kills)
  3 acid blobs (Zot)
  Frederick (Zot)
  A frost giant (Zot)
  A ghoul (Zot)
  2 balrugs (Zot)
  A spriggan defender (Zot)
  3 very ugly things (Zot)
  A draconian annihilator (Zot)
  A stone giant (Zot)
  A green draconian (Zot)
  A mottled draconian (Zot)
  A white draconian (Zot)
  2 dire elephants (Zot)
  A red draconian (Zot)
  A jiangshi (Zot)
  2 pale draconians (Zot)
  6 ice dragons (Zot)
  An eidolon (Zot)
  An ettin (Zot)
  A minotaur (Zot)
  2 fire dragons (Zot)
  A green death (Zot)
  A merfolk impaler (Zot)
  3 rakshasas (Zot)
  A great orb of eyes (Zot)
  2 yaktaur captains (Zot)
  A great orb of eyes (shapeshifter) (Zot)
  A naga warrior (Zot)
  8 centaur warriors (Zot)
  13 death yaks (Zot)
  A deep troll shaman (Zot)
  3 tengu warriors (Zot)
  8 ogre magi (Zot)
  2 shock serpents (Zot)
  2 hell knights (Zot)
  A fire crab (Zot)
  3 sun demons (Zot)
  2 storm dragon zombies (Zot)
  11 deep elf knights (Zot)
  A salamander mystic (Zot)
  7 skeletal warriors (Zot)
  An unseen horror (Zot)
  A death drake (Zot)
  A sea snake (Zot)
  5 necromancers (Zot)
  4 flayed ghosts (Zot)
  2 giant orange brains (Zot)
  A red wasp (Zot)
  4 wizards (Zot)
  5 deep elf conjurers (Zot)
  A tengu zombie (Zot)
  2 orc knights (Zot)
  5 hill giants (Zot)
  A frost giant zombie (Zot)
  17 ugly things (Zot)
  6 manticores (Zot)
  An orc sorcerer (Zot)
  A griffon (shapeshifter) (Zot)
  6 griffons (Zot)
  10 efreet (Zot)
  A cyclops (Zot)
  A draconian (Zot)
  A guardian serpent (Zot)
  A wolf spider (Zot)
  6 salamanders (Zot)
  2 fauns (Zot)
  A moth of wrath (Zot)
  A spriggan zombie (Zot)
  Maurice (Zot)
  A molten gargoyle (Zot)
  2 mermaids (Zot)
  3 frost giant skeletons (Zot)
  A gargoyle (Zot)
  A storm dragon simulacrum (Zot)
  A naga mage (Zot)
  A stone giant skeleton (Zot)
  A centaur skeleton (Zot)
  An eye of devastation (Zot)
  2 iron devils (Zot)
  A death yak zombie (Zot)
  4 yaktaur zombies (Zot)
  A polar bear (Zot)
  6 kobold demonologists (Zot)
  21 yaktaurs (Zot)
  An elf (Zot)
  6 deep elf priests (Zot)
  5 yaktaur skeletons (Zot)
  A blue devil (Zot)
  A fire drake (shapeshifter) (Zot)
  3 red devils (Zot)
  4 tengu conjurers (Zot)
  A death yak skeleton (Zot)
  A merfolk (shapeshifter) (Zot)
  4 merfolk (Zot)
  5 blink frogs (Zot)
  3 freezing wraiths (Zot)
  2 silent spectres (Zot)
  5 trolls (Zot)
  A hungry ghost (Zot)
  Sonja (Zot)
  A wind drake (Zot)
  A deep troll zombie (Zot)
  A tengu simulacrum (Zot)
  8 ravens (Zot)
  2 boulder beetles (Zot)
  10 slime creatures (Zot)
  14 two-headed ogres (Zot)
  2 bog bodies (Zot)
  2 sphinx simulacra (Zot)
  A fire dragon zombie (Zot)
  A redback (shapeshifter) (Zot)
  A basilisk (Zot)
  A merfolk skeleton (Zot)
  3 water elementals (Zot)
  7 flying skulls (Zot)
  2 ice dragon skeletons (Zot)
  2 spriggans (Zot)
  5 humans (Zot)
  2 deep troll skeletons (Zot)
  8 wraiths (Zot)
  8 vampires (Zot)
  8 deep elf magi (Zot)
  9 golden eyes (Zot)
  2 shadows (Zot)
  A yaktaur simulacrum (Zot)
  16 deep elf fighters (Zot)
  3 vampire mosquitoes (Zot)
  A hill giant skeleton (Zot)
  A faun zombie (Zot)
  A naga (shapeshifter) (Zot)
  2 nagas (Zot)
  3 human zombies (Zot)
  2 soldier ants (Zot)
  4 swamp drakes (Zot)
  A manticore zombie (Zot)
  A water moccasin (Zot)
  3 yellow wasps (Zot)
  6 orc warriors (Zot)
  3 black bears (Zot)
  3 sky beasts (Zot)
  11 centaurs (Zot)
  27 ogres (Zot)
  2 necrophages (Zot)
  An ice beast (Zot)
  A mermaid zombie (Zot)
  An orc skeleton (Zot)
  20 jellies (Zot)
  9 big kobolds (Zot)
  A salamander zombie (Zot)
  3 giant frogs (Zot)
  A water moccasin zombie (Zot)
  An eye of draining (Zot)
  4 elf skeletons (Zot)
  16 wights (Zot)
  An iron imp (Zot)
  A centaur zombie (Zot)
  An elf zombie (Zot)
  4 crimson imps (Zot)
  2 two-headed ogre skeletons (Zot)
  4 worker ants (Zot)
  An ogre zombie (Zot)
  A necrophage skeleton (Zot)
  A mottled dragon skeleton (Zot)
  A basilisk simulacrum (Zot)
  6 mummies (Zot)
  An adder (Zot)
  2 shadow imps (Zot)
  A white imp (Zot)
  A giant mite (Zot)
  7 green rats (Zot)
  An ufetubus (Zot)
  An iguana zombie (Zot)
  2 giant geckos (Zot)
  6 orcs (Zot)
  2 jackals (Zot)
  8 kobolds (Zot)
591 creatures vanquished.

Vanquished Creatures (others)
  A skeletal warrior (Zot)
  6 ice statues (Zot)
  A deep elf conjurer (Zot)
  2 oklob plants (Zot)
  A red wasp (Zot)
  A manticore (Zot)
  A yaktaur (Zot)
  A two-headed ogre (Zot)
  6 burning bushes (Zot)
  A griffon skeleton (Zot)
  A centaur simulacrum (Zot)
  722 ice beasts (Zot)
  A deep troll simulacrum (Zot)
  An ogre (Zot)
  A manticore skeleton (Zot)
  A jelly (Zot)
748 creatures vanquished.

Grand Total: 1697 creatures vanquished

Notes
Turn   | Place    | Note
--------------------------------------------------------------
     0 | Zot      | stupendous, the Formicid Fighter, began the quest for the Orb.
     0 | Zot      | Reached XP level 1. HP: 18/18 MP: 1/1
   413 | Zot      | Noticed Mniah
   431 | Zot      | Reached XP level 2. HP: 24/24 MP: 3/3
   444 | Zot      | Reached XP level 3. HP: 30/30 MP: 4/4
   448 | Zot      | Reached skill level 4 in Fighting
   473 | Zot      | Reached XP level 4. HP: 36/38 MP: 5/5
   506 | Zot      | Reached XP level 5. HP: 43/43 MP: 7/7
   507 | Zot      | Noticed Ihigu
   622 | Zot      | Killed Mniah the ogre
   622 | Zot      | Reached skill level 5 in Fighting
   622 | Zot      | Reached XP level 6. HP: 48/52 MP: 8/8
   648 | Zot      | Killed Ihigu the black bear
   648 | Zot      | Reached skill level 6 in Fighting
   648 | Zot      | Reached skill level 5 in Shields
   648 | Zot      | Reached XP level 7. HP: 57/59 MP: 9/9
   759 | Zot      | Reached skill level 5 in Axes
   767 | Zot      | Reached XP level 8. HP: 61/65 MP: 11/11
   905 | Zot      | Noticed Edmund
  1029 | Zot      | Killed Edmund
  1029 | Zot      | Reached skill level 7 in Axes
  1029 | Zot      | Reached XP level 9. HP: 70/70 MP: 12/12
  1088 | Zot      | Reached skill level 8 in Axes
  1208 | Zot      | Reached skill level 9 in Axes
  1232 | Zot      | Reached skill level 10 in Axes
  1232 | Zot      | Reached XP level 10. HP: 61/77 MP: 13/13
  1268 | Zot      | Noticed Stroivva
  1272 | Zot      | Reached skill level 11 in Axes
  1296 | Zot      | Killed Stroivva the hill giant
  1296 | Zot      | Reached skill level 12 in Axes
  1629 | Zot      | Reached skill level 13 in Axes
  1643 | Zot      | Reached XP level 11. HP: 82/82 MP: 15/15
  1687 | Zot      | Noticed Jessica
  1742 | Zot      | Reached skill level 14 in Axes
  1763 | Zot      | Noticed Sonja
  1764 | Zot      | Killed Jessica
  1945 | Zot      | Reached skill level 15 in Axes
  1983 | Zot      | Noticed a cyan ugly thing
  1983 | Zot      | HP: 2/82 [Sonja/uncursed dagger of distortion (17)]
  1993 | Zot      | Noticed a green ugly thing
  2002 | Zot      | Killed Sonja
  2010 | Zot      | Killed a cyan ugly thing
  2010 | Zot      | Reached XP level 12. HP: 20/89 MP: 16/16
  2068 | Zot      | Noticed a fire dragon
  2076 | Zot      | Noticed a pale draconian
  2090 | Zot      | Reached skill level 16 in Axes
  2179 | Zot      | Killed a green ugly thing
  2369 | Zot      | Reached skill level 17 in Axes
  2501 | Zot      | Reached XP level 13. HP: 71/94 MP: 17/17
  2526 | Zot      | Noticed a cyan very ugly thing
  2533 | Zot      | Noticed a storm dragon
  2541 | Zot      | Noticed a cyan very ugly thing
  2543 | Zot      | Noticed a tentacled monstrosity
  2569 | Zot      | Killed a cyan very ugly thing
  2569 | Zot      | Reached skill level 18 in Axes
  2596 | Zot      | Noticed a pale draconian
  2596 | Zot      | Noticed a pale draconian caller
  2596 | Zot      | Noticed a red draconian
  2596 | Zot      | Noticed a mottled draconian
  2597 | Zot      | Noticed a mottled draconian
  2602 | Zot      | Killed a cyan very ugly thing
  2633 | Zot      | Noticed a yellow draconian
  2649 | Zot      | Noticed a white draconian caller
  2649 | Zot      | Noticed a purple draconian
  2649 | Zot      | Noticed a yellow draconian
  2649 | Zot      | Noticed a black draconian
  2649 | Zot      | Noticed a grey draconian
  2649 | Zot      | Noticed a yellow draconian
  2651 | Zot      | Noticed a death cob
  2678 | Zot      | Reached skill level 19 in Axes
  2705 | Zot      | Noticed a storm dragon
  2743 | Zot      | Noticed a great orb of eyes
  2744 | Zot      | Noticed Ciulumoa
  2744 | Zot      | Reached XP level 14. HP: 99/101 MP: 18/18
  2763 | Zot      | a great orb of eyes changed into an anaconda
  2781 | Zot      | Killed Ciulumoa the rakshasa
  2783 | Zot      | a great orb of eyes changed into a six-headed hydra
  2805 | Zot      | Noticed a green draconian
  2805 | Zot      | a six-headed hydra changed into a green draconian
  2822 | Zot      | a great orb of eyes changed into a griffon
  2823 | Zot      | a green draconian changed into a siren
  2844 | Zot      | Reached skill level 20 in Axes
  2846 | Zot      | Killed Ciulumoa the rakshasa
  2973 | Zot      | Noticed a green very ugly thing
  2978 | Zot      | Reached skill level 21 in Axes
  2983 | Zot      | Noticed an eidolon
  2987 | Zot      | Noticed a green very ugly thing
  2987 | Zot      | Noticed a green very ugly thing
  3019 | Zot      | Killed a green very ugly thing
  3044 | Zot      | Killed an eidolon
  3044 | Zot      | Reached XP level 15. HP: 87/106 MP: 19/19
  3073 | Zot      | Killed a green very ugly thing
  3086 | Zot      | Killed a red very ugly thing
  3088 | Zot      | Reached skill level 22 in Axes
  3268 | Zot      | Noticed Harold
  3301 | Zot      | Killed Harold
  3309 | Zot      | Reached skill level 23 in Axes
  3309 | Zot      | Reached XP level 16. HP: 60/113 MP: 20/20
  3401 | Zot      | Noticed Joseph
  3409 | Zot      | Killed Joseph
  3512 | Zot      | Killed Maurice
  3513 | Zot      | Reached skill level 24 in Axes
  3773 | Zot      | Reached XP level 17. HP: 96/118 MP: 21/21
  4041 | Zot      | Reached skill level 25 in Axes
  4462 | Zot      | Reached skill level 1 in Dodging
  4475 | Zot      | Reached XP level 18. HP: 125/125 MP: 21/21
  4712 | Zot      | Reached skill level 5 in Armour
  5093 | Zot      | Reached skill level 10 in Shields
  5132 | Zot      | Noticed Frederick
  5150 | Zot      | Killed Frederick
  5444 | Zot      | Reached skill level 5 in Dodging
  5447 | Zot      | Reached XP level 19. HP: 138/138 MP: 22/22
  6028 | Zot      | Reached skill level 10 in Fighting
  6474 | Zot      | Reached skill level 10 in Armour
  6521 | Zot      | Reached XP level 20. HP: 149/149 MP: 23/23
  6836 | Zot      | Killed from afar by a wind drake

Action                   |  1- 3 |  4- 6 |  7- 9 | 10-12 | 13-15 | 16-18 | 19-21 || total
-------------------------+-------+-------+-------+-------+-------+-------+-------++-------
Melee: War axe           |    53 |    62 |   272 |   428 |       |       |       ||   815
       Battleaxe         |       |       |       |    10 |   574 |    98 |       ||   682
       Hand axe          |       |       |       |       |    68 |       |       ||    68
       Broad axe         |       |       |       |       |       |       |     7 ||     7
 Abil: Make burning bush |       |       |       |     3 |       |     2 |     2 ||     7
       Make oklob plant  |       |       |       |     1 |       |       |     2 ||     3
       Make ice statue   |       |       |       |       |       |    15 |     1 ||    16
       Make spear trap   |       |       |       |       |       |     1 |       ||     1
       Make lightning sp |       |       |       |       |       |       |     1 ||     1
  Use: Potion            |       |       |       |     2 |       |     1 |       ||     3
 Stab: Distracted        |       |       |       |     5 |       |       |       ||     5
       Fleeing           |       |       |       |     1 |       |       |       ||     1
